AoeStats
← a.l.a.n.t

Arena

505409857Analyzed
4v4 RM · 23d ago on Sep 9, 2026· 40m 48s· 8 players
Game mode
Random Map
Map size
Large (8 player)
Population
200
Speed
Normal
Resources
Standard
Victory
Conquest
Starting age
Dark Age
Ending age
Imperial Age
RankedLock teamsTeams togetherTeam positionsShared explorationLock speedFull tech treeHidden civsTurbo modeCheats
Victory
Defeat
🇫🇷 Turks · France
1353
+16
🇹🇼 Goths · Taiwan
1348
+16
🇬🇧 Poles · United Kingdom
1325
+17
🇹🇷 Italians · Türkiye
1251
+20
🇻🇳 Huns · Vietnam
1426
-21
🇨🇳 Celts · China
1414
-20
1294
-15
🇨🇳 Persians · China
1249
-13
Dislike Me
10:26 Feudal Age
12:21 Loom
16:04 Castle Age
14:25 Stone Mining
14:44 Double-Bit Axe
34:25 Imperial Age
33:05 Scale Mail Armor
32:56 Fletching
33:09 Gold Mining
33:31 Bow Saw
34:27 Wheelbarrow
34:03 Town Watch
37:35 Gold Shaft Mining
38:21 Conscription
39:39 Bloodlines
39:29 Husbandry
39:37 Scale Barding Armor
39:42 Forging
a.l.a.n.t
3:30 Loom
12:31 Feudal Age
13:12 Double-Bit Axe
13:09 Horse Collar
16:32 Castle Age
17:30 Heavy Plow
17:43 Bow Saw
24:44 Gold Mining
25:46 Scale Barding Armor
28:19 Imperial Age
25:59 Szlachta Privileges
26:36 Forging
27:06 Husbandry
27:17 Bloodlines
28:11 Chain Barding Armor
29:30 Wheelbarrow
29:40 Wheelbarrow
28:34 Cavalier
29:53 Iron Casting
29:54 Conscription
33:03 Lechitic Legacy
33:46 Crop Rotation
35:59 Blast Furnace
36:50 Light Cavalry
37:51 Winged Hussar
Fatih
10:20 Feudal Age
11:50 Loom
14:24 Castle Age
12:55 Double-Bit Axe
13:02 Horse Collar
13:49 Gold Mining
14:17 Stone Mining
16:06 Bow Saw
19:00 Fletching
21:15 Heavy Plow
22:36 Wheelbarrow
23:39 Loom
25:08 Hand Cart
27:53 Imperial Age
26:08 Bodkin Arrow
26:31 Padded Archer Armor
28:06 Stone Shaft Mining
27:49 Leather Archer Armor
28:34 Ballistics
28:59 Conscription
28:46 Bracer
29:18 Ring Archer Armor
30:16 Chemistry
30:41 Thumb Ring
32:36 Elite Genoese Crossbowman
35:28 Coinage
35:09 Guilds
35:31 Bombard Tower
38:59 Two-Man Saw
38:56 Banking
38:26 Caravan
ivylin
9:51 Feudal Age
13:26 Castle Age
11:58 Double-Bit Axe
15:32 Loom
19:03 Horse Collar
20:53 Bow Saw
23:15 Wheelbarrow
23:07 Stone Mining
23:07 Gold Mining
25:53 Hand Cart
25:40 Heavy Plow
29:58 Imperial Age
28:05 Scale Mail Armor
28:16 Forging
28:25 Pikeman
29:06 Squires
29:57 Chain Mail Armor
30:17 Iron Casting
30:02 Halberdier
31:13 Anarchy
31:14 Perfusion
31:34 Conscription
30:35 Elite Huskarl
32:17 Crop Rotation
33:22 Chemistry
34:16 Two-Man Saw
35:03 Man-at-Arms
35:30 Long Swordsman
35:51 Two-Handed Swordsman
36:34 Champion
40:36 Blast Furnace
Ejatch Lemayahu Gewodros
11:00 Feudal Age
12:12 Double-Bit Axe
15:14 Castle Age
16:19 Stone Mining
16:50 Bow Saw
24:18 Horse Collar
24:35 Gold Mining
26:55 Gold Shaft Mining
26:22 Heavy Plow
26:10 Loom
27:09 Wheelbarrow
30:35 Imperial Age
29:52 Ballistics
30:46 Forging
30:42 Scale Barding Armor
31:44 Drill
31:52 Husbandry
32:03 Bloodlines
31:14 Light Cavalry
32:24 Conscription
32:26 Hussar
32:31 Heavy Scorpion
只爆叉叉
11:01 Feudal Age
11:43 Double-Bit Axe
14:54 Castle Age
12:57 Horse Collar
16:00 Bow Saw
15:54 Heavy Plow
20:35 Wheelbarrow
23:01 Stone Mining
23:54 Loom
24:42 Hand Cart
24:42 Gold Mining
28:02 Gold Shaft Mining
28:05 Stone Shaft Mining
30:40 Imperial Age
28:20 Scale Barding Armor
28:26 Forging
29:09 Husbandry
29:19 Bloodlines
30:41 Ballistics
30:47 Chain Barding Armor
31:02 Iron Casting
31:19 Conscription
30:20 Elite War Elephant
32:03 Plate Barding Armor
36:16 Crop Rotation
36:47 Two-Man Saw
Giong
10:19 Feudal Age
15:20 Castle Age
13:37 Double-Bit Axe
13:46 Horse Collar
16:20 Bow Saw
16:11 Heavy Plow
20:25 Scale Barding Armor
23:43 Gold Mining
27:34 Forging
27:53 Chain Barding Armor
35:44 Imperial Age
34:10 Wheelbarrow
33:21 Loom
33:36 Fletching
33:52 Padded Archer Armor
34:57 Bodkin Arrow
35:18 Leather Archer Armor
36:34 Heavy Cavalry Archer
37:41 Parthian Tactics
38:17 Chemistry
37:38 Ballistics
39:15 Two-Man Saw
38:30 Bracer
39:05 Thumb Ring
很蓝的啦
2:52 Loom
10:31 Feudal Age
11:55 Double-Bit Axe
14:49 Castle Age
12:36 Horse Collar
14:00 Stone Mining
16:05 Heavy Plow
16:38 Bow Saw
18:03 Wheelbarrow
22:21 Stone Shaft Mining
22:31 Town Watch
22:41 Gold Mining
24:15 Gold Shaft Mining
24:48 Hand Cart
25:15 Loom
25:16 Treadmill Crane
27:23 Ballistics
28:49 Masonry
31:25 Imperial Age
28:56 Town Patrol
28:57 Scale Mail Armor
29:08 Forging
29:08 Stronghold
30:16 Chain Mail Armor
31:06 Iron Casting
30:33 Pikeman
30:58 Arson
31:49 Heavy Scorpion
32:23 Capped Ram
34:08 Chemistry
34:03 Plate Mail Armor
33:56 Siege Ram
35:12 Conscription
37:43 Blast Furnace
38:10 Furor Celtica
40:01 Elite Woad Raider
Connection lost

Rejoining the realm…

Still unreachable

The connection could not be restored.

Session expired

The server has moved on; the page needs a fresh start.